 Seeded DCSS version 0.30-a0-475-g03497ec522 (webtiles) character file.

Game seed: 20221220 (custom seed)

571 Darkkill the Shooter (level 7, -1/61 HPs)
             Began as a Minotaur Hunter on Dec 20, 2022.
             Was an Initiate of Gozag.
             Constricted to death by Grinder (7 damage)
             ... on level 6 of the Dungeon.
             The game lasted 00:04:40 (3376 turns).

Darkkill the Shooter (Minotaur Hunter)              Turns: 3376, Time: 00:04:41

Health: -1/61      AC:  6    Str: 15    XL:     7   Next: 12%
Magic:  6/6        EV: 10    Int:  6    God:    Gozag
Gold:   411        SH:  0    Dex: 14    Spells: 6/6 levels left

rFire   + + .      SeeInvis .    a - +0 shortbow (flame)
rCold   . . .      Faith    .    (shield currently unavailable)
rNeg    . . .      Spirit   .    c - +2 leather armour
rPois   .          Reflect  .    (helmet restricted)
rElec   +          Harm     .    (no cloak)
rCorr   .          Rampage  .    v - +0 pair of gloves
Will    .....                    (no boots)
Stlth   ++........               (no amulet)
HPRegen 0.30/turn                o - ring of the Messenger {rElec rF++ Dex-2 Slay+4}
MPRegen 0.10/turn                (no ring)

@: grasped by roots, constricted
A: horns 2, retaliatory headbutt
a: Renounce Religion, Potion Petition, Call Merchant, Bribe Branch


You were on level 6 of the Dungeon.
You worshipped Gozag.
Gozag was aware of your devotion.
You visited 2 branches of the dungeon, and saw 7 of its levels.

You collected 467 gold pieces.
You paid 56 gold pieces to Gozag.

Inventory:

Hand Weapons
 a - a +0 shortbow of flaming (weapon)
Missiles
 d - 38 stones
 i - 8 boomerangs
 m - 4 poisoned darts
Armour
 c - a +2 leather armour (worn)
 v - a +0 pair of gloves (worn)
Jewellery
 o - the ring of the Messenger (left hand) {rElec rF++ Dex-2 Slay+4}
   (You found it on level 5 of the Dungeon)

   [ring of slaying]

   Dex:       It affects your dexterity (-2).
   Slay:      It affects your accuracy & damage with ranged weapons and melee
   (+4).
   rF:        It greatly protects you from fire.
   rElec:     It insulates you from electricity.
Wands
 e - a wand of flame (15)
 n - a wand of polymorph (14)
Scrolls
 b - 4 scrolls of immolation
 r - 2 scrolls of fog
 u - a scroll of teleportation
Potions
 g - 2 potions of lignification
 h - a potion of magic {unknown}
 j - 3 potions of attraction
 k - 2 potions of curing {unknown}
 l - a potion of flight {unknown}
 q - 2 potions of mutation {unknown}
 s - 2 potions of might
 t - a potion of cancellation {unknown}


   Skills:
 + Level 5.1 Fighting
 + Level 6.0 Ranged Weapons
 + Level 4.6 Dodging
 + Level 3.3 Stealth


You had 6 spell levels left.
You didn't know any spells.
Your spell library contained the following spells:

 Spells                   Type           Power      Damage    Failure   Level
 Cigotuvi's Dreadful Rot  Necr/Pois/Air  0%         N/A       67%         2
 Poisonous Vapours        Pois/Air       0%         N/A       67%         2
 Sublimation of Blood     Necr           0%         N/A       67%         2
 Wereblood                Tmut           0%         N/A       67%         2
 Kindle Blastsparks       Fire/Tloc/Air  0%         2d10      88%         3
 Mephitic Cloud           Conj/Pois/Air  0%         N/A       88%         3
 Fulminant Prism          Conj/Hex       0%         3d5       99%         4
 Iskenderun's Mystic Bla  Conj/Tloc      0%         2d3       99%         4
 Lee's Rapid Deconstruct  Erth           0%         3d4*      100%        5
 Summon Hydra             Summ           0%         N/A       100%        7


Dungeon Overview and Level Annotations

Branches:
Dungeon (6/15)             Temple (1/1) D:4

Altars:
Cheibriados
Dithmenos
Elyvilon
Fedhas
Gozag
Hepliaklqana
Kikubaaqudgha
Makhleb
Okawaru
Qazlal
Ru
Sif Muna
Trog
Vehumet
Wu Jian
Yredelemnul
Zin
The Shining One

Shops:
D:4 :

Annotations:
D:6 Grinder


Innate Abilities, Weirdness & Mutations

You have a pair of horns on your head.
You reflexively headbutt those who attack you in melee.


Message History

You shoot an arrow.
Fire: a) +0 shortbow (flame)
Press: ? - help, Q - select action, (/) - cycle Shift-Dir - straight line You shoot an arrow.
Fire: a) +0 shortbow (flame)
Press: ? - help, Q - select action, (/) - cycle Shift-Dir - straight line You shoot an arrow.
Fire: a) +0 shortbow (flame)
Press: ? - help, Q - select action, (/) - cycle Shift-Dir - straight line You shoot an arrow.
Fire: a) +0 shortbow (flame)
Press: ? - help, Q - select action, (/) - cycle Shift-Dir - straight line You shoot an arrow.
Fire: a) +0 shortbow (flame)
Press: ? - help, Q - select action, (/) - cycle Shift-Dir - straight line You shoot an arrow.
Pain shoots through your body!
Fire: a) +0 shortbow (flame)
Press: ? - help, Q - select action, (/) - cycle Shift-Dir - straight line You shoot an arrow.
Something hits you.
You writhe in agony.
Fire: a) +0 shortbow (flame)
Press: ? - help, Q - select action, (/) - cycle Shift-Dir - straight line You shoot an arrow.
Fire: a) +0 shortbow (flame)
Press: ? - help, Q - select action, (/) - cycle Shift-Dir - straight line You shoot an arrow.
Fire: a) +0 shortbow (flame)
Press: ? - help, Q - select action, (/) - cycle Shift-Dir - straight line You shoot an arrow.
Fire: a) +0 shortbow (flame)
Press: ? - help, Q - select action, (/) - cycle Shift-Dir - straight line You shoot an arrow.
Fire: a) +0 shortbow (flame)
Press: ? - help, Q - select action, (/) - cycle Shift-Dir - straight line You shoot an arrow.
Fire: a) +0 shortbow (flame)
Press: ? - help, Q - select action, (/) - cycle Shift-Dir - straight line You shoot an arrow.
You hear a zap.
The roots erupt in riotous growth!
The grasping roots grab you!
You are constricted!
You suddenly lose the ability to move!
You are constricted.
Something shouts, "Away with thee, thou beslubbering weeb-spouting cloven-toed!"
You hear a shout! x2
Something tries to affect you, but you resist.
You are constricted!
You are constricted.
The grasping roots release their grip on you.
You hear a zap.
The roots erupt in riotous growth!
The grasping roots grab you!
You are constricted.
You hear a shout!
You can move again.
Unknown command.
You feel much better.
Grinder appears from thin air!
Reactivating autopickup.
The grasping roots constrict you.
Fire: a) +0 shortbow (flame)
Press: ? - help, Q - select action, (/) - cycle Shift-Dir - straight line, f - Grinder
Aim: Grinder, carrying a wand of roots (7) (severely wounded, 65% to hit)
You shoot an arrow. The arrow completely misses Grinder.
A white imp comes into view.
The grasping roots constrict you!
Fire: a) +0 shortbow (flame)
Press: ? - help, Q - select action, (/) - cycle Shift-Dir - straight line, f/p - Grinder
Aim: Grinder, carrying a wand of roots (7) (severely wounded, 65% to hit)
You shoot an arrow.
The white imp shouts, "Out, out, thou rank folly-fallen vulture!"
The arrow hits Grinder.
The arrow burns Grinder.
Grinder is severely wounded.
Grinder says, "Don't move a muscle."
Grinder hits you.
You writhe in agony.
The grasping roots constrict you.
The grasping roots release their grip on you.
Fire: a) +0 shortbow (flame)
Press: ? - help, Q - select action, (/) - cycle Shift-Dir - straight line, f/p - Grinder
Aim: Grinder, carrying a wand of roots (7) (severely wounded, 65% to hit)
You shoot an arrow. The arrow barely misses Grinder.
Grinder hits you.
* * * LOW HITPOINT WARNING * * *
You writhe in agony.
* * * LOW HITPOINT WARNING * * *
Fire: a) +0 shortbow (flame)
Press: ? - help, Q - select action, (/) - cycle Shift-Dir - straight line, f/p - Grinder
Aim: Grinder, carrying a wand of roots (7) (severely wounded, 65% to hit)
You shoot an arrow. The arrow hits Grinder!
The arrow burns Grinder.
Grinder is almost dead.
The white imp gestures at you.
The puff of frost hits you but does no damage.
Grinder hits you.
* * * LOW HITPOINT WARNING * * *
You writhe in agony.
* * * LOW HITPOINT WARNING * * *
Grinder zaps a wand.
The roots erupt in riotous growth!
The grasping roots grab you!
Grinder is unaffected.
The grasping roots constrict you!
You die...
Your body crumbles into a pile of gold.

......#
.......#.
........
#...... #......
##....#########
#.....5.......#
#...@....5.. $
#...#######.
##..## #...#
##..## #...#
#...# ##..##
#...###


You could see Grinder and a white imp.

Vanquished Creatures
  Edmund (D:5)
  A black bear (D:3)
  A scorpion (D:4)
  A hound (D:5)
  2 orc priests (D:5)
  An iguana (D:5)
  Ijyb (D:5)
  Terence (D:3)
  3 adders
  A worm (D:3)
  4 dart slugs
  17 orcs
  10 endoplasms
  5 giant cockroaches
  5 goblins
  7 hobgoblins
  8 jackals
  8 kobolds
  4 quokkas
  8 ball pythons
  4 bats
  2 frilled lizards (D:1)
  2 rats
97 creatures vanquished.

Notes
Turn   | Place    | Note
-------+----------+-------------------------------------------
     0 | D:1      | Darkkill the Minotaur Hunter began the quest for the Orb.
     0 | D:1      | Reached XP level 1. HP: 18/18 MP: 0/0
    15 | D:1      | Reached skill level 1 in Stealth
    18 | D:1      | Found Itetuxec's General Store.
    30 | D:1      | Reached XP level 2. HP: 25/25 MP: 1/1
   152 | D:1      | Reached XP level 3. HP: 31/31 MP: 2/2
  1159 | D:3      | You fall into a shaft and drop 1 floor!
  1202 | D:4      | Reached XP level 4. HP: 38/38 MP: 3/3
  1351 | D:3      | Found an opulent altar of Gozag.
  1386 | D:3      | Became a worshipper of Gozag Ym Sagoz the Greedy
  1447 | D:3      | Noticed Terence
  1454 | D:3      | Killed Terence
  1455 | D:3      | Reached skill level 5 in Ranged Weapons
  1614 | D:3      | Noticed a black bear
  1622 | D:3      | Killed a black bear
  1623 | D:3      | Reached XP level 5. HP: 45/46 MP: 4/4
  1745 | D:4      | Reached XP level 6. HP: 53/53 MP: 5/5
  1751 | D:4      | Found Bayle's Book Emporium.
  1905 | D:4      | Found a staircase to the Ecumenical Temple.
  2155 | Temple   | Entered the Ecumenical Temple
  2424 | D:5      | Entered Level 5 of the Dungeon
  2424 | D:5      | Noticed Edmund
  2437 | D:5      | HP: 7/41 [Edmund/+4 flail of draining (2)]
  2437 | D:5      | HP: 3/41 [Edmund/+4 flail of draining (4)]
  2440 | D:5      | Killed Edmund
  2445 | D:5      | Identified the ring of the Messenger {rElec rF++ Dex-2
                  | Slay+4}
  2757 | D:5      | Reached skill level 5 in Fighting
  2792 | D:5      | Reached XP level 7. HP: 21/61 MP: 6/6
  2938 | D:5      | Reached skill level 6 in Ranged Weapons
  3070 | D:5      | Noticed Ijyb
  3083 | D:5      | Killed Ijyb
  3344 | D:6      | Noticed Grinder
  3344 | D:6      | Paralysed by Grinder for 5 turns
  3368 | D:6      | Paralysed by something for 4 turns
  3376 | D:6      | HP: 10/61 [Grinder (3)]
  3376 | D:6      | Constricted to death by Grinder

Illustrated notes

Levels and vault maps discovered:
D:1:      giann_forest_graveyard, layout_rooms, serial_shops, shop,
          item_on_display_a
D:2:      layout_basic
D:3:      layout_basic, nicolae_gozag_cash_rules_everything_around_me,
          uniq_terence
D:4:      layout_cave_pools, minmay_temple_entry_stoned_glass,
          serial_column_ruins, column_ruins_columns_straight,
          column_ruins_grid_2, column_ruins_open_medium, column_ruins_grid_4,
          serial_shops, nicolae_shop_hallway_plus
D:5:      layout_basic, minmay_misc_feat_ornament, uniq_ijyb, uniq_edmund
D:6:      kennysheep_slugbush, layout_cave_pods, nicolae_uskayaw_dance_hall,
          nemelex_xobeh_ov_fountains_minmay, uniq_grinder, uniq_sigmund
Temple:   minmay_temple_bridge_d

Skill      XL: |  1  2  3  4  5  6  7 |
---------------+----------------------+-----
Stealth        | 1 2 3 |  3.3
Fighting       | 3 4 5 |  5.1
Dodging        | 3 4 |  4.6
Ranged Weapons | 5 6 |  6.0

Action                   |  1- 3 |  4- 6 |  7- 9 || total
-------------------------+-------+-------+-------++-------
Melee: Unarmed           |       |       |     7 ||     7
 Fire: Shortbow          |    98 |   116 |    44 ||   258
  Use: Scroll            |     5 |     7 |     3 ||    15
       Potion            |       |     2 |     1 ||     3
Armor: Leather armour    |     8 |     8 |     2 ||    18
       Skin              |       |       |     1 ||     1
Dodge: Dodged            |    31 |    36 |    10 ||    77

Table legend: (Time is in decaauts)
 A = Elapsed time spent in this place.
 B = Non-inter-level travel time spent in this place.
 C = Inter-level travel time spent in this place.
 D = Time resting spent in this place.
 E = Time spent auto-exploring this place.
 F = Levels seen in this place.
 G = Mean time per level.
                   A        B        C        D        E       F      G
               +--------+--------+--------+--------+--------+-----+--------+
         Total |   3445 |   3277 |    168 |     12 |   2677 |   7 |  492.1 |
       Dungeon |   3214 |   3054 |    160 |     12 |   2466 |   6 |  535.7 |
        Temple |    230 |    222 |      8 |      0 |    211 |   1 |  230.0 |
               +--------+--------+--------+--------+--------+-----+--------+

Top non-repeatable levels by time:
     D:5: 917 daAuts
     D:4: 590 daAuts
     D:1: 587 daAuts
     D:2: 579 daAuts
     D:3: 488 daAuts
  Temple: 230 daAuts
     D:6: 50 daAuts

Table legend:
 A = Kills in this place as a percentage of kills in entire the game.
 B = Kills by you in this place as a percentage of kills by you in the entire game.
 C = Kills by friends in this place as a percentage of kills by friends in the entire game.
 D = Other kills in this place as a percentage of other kills in the entire game.
 E = Experience gained in this place as a percentage of experience gained in the entire game.
 F = Experience gained in this place divided by the number of levels of this place that you have seen.
                   A       B       C       D       E      F
               +-------+-------+-------+-------+-------+----------------------
         Total | 100.0 | 100.0 |   N/A |   N/A | 100.0 | 116.7
       Dungeon | 100.0 | 100.0 |   N/A |   N/A | 100.0 | 136.2
               +-------+-------+-------+-------+-------+----------------------
